Cogmind - Beta 17 @@@ ROGUE MODE // 2026.08.06 @ 05:55:46 Player: 4R-ZE3 Result: Escaped! Performance ------------- Evolutions (9) 4500 Regions Visited (28) 5600 Robots Destroyed (255) 1275 Value Destroyed (12081) 12081 Prototype IDs (63) 1260 Alien Tech Used (4) 800 Bonus (16744) 16744 TOTAL SCORE: 42260 Bonus ------- High Alert Combat Kills 200 Follower Combat Kills 905 Entered Garrisons 200 Entered DSFs 500 Met Data Miner 300 Acquired ECA 300 Met Zhirov 300 Met Warlord at Base 500 MAIN.C Attacked Warlord 500 Warlord Defense Kills 978 Met Warlord at Research 2000 Destroyed MAIN.C Guards 500 Met MAIN.C 5000 Met Warlord at Command 2000 Win 3000 Friendly Fire -439 Cogmind --------- Core Integrity 393/1600 Matter 300/300 Energy 97/100 System Corruption 46% Temperature Cool (2) Movement Treading (160) Location To Epsilon Eridani Parts ------- > --- POWER (3) -------- (None) > --- PROPULSION (8) --- Spiked Medium Treads Field Propulsion Array > --- UTILITY (10) ----- (None) > --- WEAPON (4) ------- (None) > --- INVENTORY (5) ---- Advanced Power Amplifier Advanced Heat Sink Transdimensional Reconstructor Peak State ------------ > --- POWER ------------ Particle Reactor Light Quantum Reactor Reinforced Quantum Reactor > --- PROPULSION ------- Thunder Leg Enhanced Flexi-carbon Leg Myomer Leg Biometal Leg Enhanced Biometal Leg Centrium Leg Heavy Shield Leg > --- UTILITY ---------- Advanced Cryofiber Web Advanced Heat Sink Advanced Heat Sink Advanced Heat Sink Advanced Heat Sink Huge Storage Unit Quantum Shading Machine Centrium Light Armor Plating Graphene Brace Advanced Point Defense System > --- WEAPON ----------- Heavy Quantum Rifle Enhanced Nova Cannon Enhanced Nova Cannon Multirail > --- INVENTORY -------- Quantum Reactor Quantum Reactor Quantum Reactor Advanced Medium Treads Advanced Medium Treads Advanced Medium Treads Heavy Siege Treads Heavy Siege Treads Biometal Heavy Treads Flexi-carbon Leg Myomer Leg Biometal Leg Advanced Power Amplifier Advanced Heat Sink Advanced Phase Shifter Transdimensional Reconstructor Subatomic Replicator Enhanced Quantum Rifle Enhanced Quantum Rifle Enhanced Quantum Rifle Fusion Bomb Launcher [Rating: 214] Favorites ----------- Power Fission Core Engine Cooled Ion Engine Power Core Fission Core Reactor Particle Reactor Propulsion Medium Treads Treads Medium Treads Leg Myomer Leg Wheel Wheel Hover Unit Cooled Antigrav System Flight Unit Cooled Nuclear Pulse Thruster Utility Huge Storage Unit Device Advanced Heat Sink Storage Huge Storage Unit Processor Advanced Signal Interpreter Hackware Advanced System Shield Protection Centrium Medium Armor Plating Artifact Phase Redirector Weapon Wave Gun Energy Gun Wave Gun Energy Cannon Enhanced Nova Cannon Ballistic Gun Assault Rifle Launcher Heavy Rocket Launcher Build | -11 -10 -10 -9 -9 -9 -9 -7 -7 -6 -6 -6 -6 -5 -5 -5 -5 -5 -4 -4 -4 -4 -4 -3 -3 -2 -2 -1 -1 ------- Run | Yrd Mat Min Mat Sto Gar Rec Fac DSF Fac Low Low Dat Pro Fac Upp Upp Zhi Pro Fac Upp Upp War Pro Res Res Qua Acc Com Slots Evolved 18 | . . . 2 . . . 4 . 2 . . . . 2 . . . . 2 . . . . 2 2 . 2 . Power 2 | . . . . . . . . . 1 . . . . . . . . . . . . . . . 1 . . . Propulsion 6 | . . . 2 . . . 2 . . . . . . . . . . . 1 . . . . . . . 1 . Utility 8 | . . . . . . . 2 . 1 . . . . 1 . . . . 1 . . . . 1 1 . 1 . Weapon 2 | . . . . . . . . . . . . . . 1 . . . . . . . . . 1 . . . . Parts Attached 272 | 6 6 1 19 15 11 1 . 17 13 3 1 . 1 17 6 2 3 1 13 3 4 29 5 7 22 10 12 44 Power 30 | 1 1 . 2 1 1 . . 1 1 . . . . 4 . 1 1 . 1 . . 3 . 1 3 1 1 6 Engine 6 | 1 1 . 2 1 1 . . . . . . . . . . . . . . . . . . . . . . . Core 10 | . . . . . . . . 1 1 . . . . 4 . 1 1 . 1 . . . . . . 1 . . Reactor 14 | . . . . . . . . . . . . . . . . . . . . . . 3 . 1 3 . 1 6 Propulsion 103 | 2 2 . 13 4 5 1 . 9 . . 1 . . 2 3 1 2 . 6 . . 16 1 2 9 3 3 18 Treads 48 | 2 . . 12 4 5 1 . 9 . . 1 . . 1 3 . . . 1 . . . . . . . . 9 Leg 47 | . 2 . . . . . . . . . . . . 1 . . . . 4 . . 14 1 2 9 3 3 8 Wheel 2 | . . . . . . . . . . . . . . . . 1 . . 1 . . . . . . . . . Hover 2 | . . . . . . . . . . . . . . . . . . . . . . 2 . . . . . . Flight 4 | . . . 1 . . . . . . . . . . . . . 2 . . . . . . . . . . 1 Utility 83 | 1 3 1 2 7 1 . . 5 9 1 . . . 7 1 . . . 6 3 1 4 3 2 4 5 5 12 Device 59 | . . 1 1 6 1 . . 3 5 1 . . . 5 1 . . . 5 2 1 3 2 2 2 4 3 11 Storage 6 | 1 2 . 1 . . . . . . . . . . 1 . . . . . . . . . . 1 . . . Processor 3 | . . . . . . . . . 1 . . . . . . . . . . 1 . . . . . . 1 . Hackware 4 | . . . . . . . . . 1 . . . . . . . . . 1 . . . . . 1 . 1 . Protection 10 | . 1 . . 1 . . . 2 2 . . . . 1 . . . . . . . 1 1 . . . . 1 Artifact 1 | . . . . . . . . . . . . . . . . . . . . . . . . . . 1 . . Weapon 56 | 2 . . 2 3 4 . . 2 3 2 . . 1 4 2 . . 1 . . 3 6 1 2 6 1 3 8 Energy Gun 37 | 1 . . 2 3 2 . . 2 2 . . . 1 2 2 . . 1 . . 3 4 1 1 2 1 1 6 Energy Cannon 10 | . . . . . 1 . . . 1 . . . . 2 . . . . . . . . . 1 4 . 1 . Ballistic Gun 3 | 1 . . . . . . . . . . . . . . . . . . . . . . . . . . . 2 Ballistic Cannon . | . . . . . . . . . . . . . . . . . . . . . . . . . . . . . Launcher 6 | . . . . . 1 . . . . 2 . . . . . . . . . . . 2 . . . . 1 . Special Weapon . | . . . . . . . . . . . . . . . . . . . . . . . . . . . . . Impact Weapon . | . . . . . . . . . . . . . . . . . . . . . . . . . . . . . Slashing Weapon . | . . . . . . . . . . . . . . . . . . . . . . . . . . . . . Piercing Weapon . | . . . . . . . . . . . . . . . . . . . . . . . . . . . . . Special Melee Weapon . | . . . . . . . . . . . . . . . . . . . . . . . . . . . . . Unidentified Prototypes 27 | . . 1 3 2 . . . . 2 . . . . . . . 2 . . 1 . 9 . . . 1 . 6 Corrupted Parts 1 | . . . . . . . . . . . . . . . . . . . . . . . . . . . . 1 System Corruption 6 | . . . . . . . . . . . . . . . . . . . . . . . . . . . . 6 Parts Lost 107 | . 2 . 1 2 5 . . 2 1 1 1 . 2 7 1 3 . 5 1 . 7 2 2 6 . 3 2 51 Power 15 | . 1 . . . 1 . . . . . . . . 2 . 1 . 1 . . . . . 1 . . 1 7 Propulsion 38 | . 1 . . . 2 . . . 1 . 1 . 1 3 1 2 . 3 1 . 4 . . 3 . . . 15 Utility 28 | . . . 1 1 . . . 2 . 1 . . . 1 . . . . . . 1 1 1 1 . 3 1 14 Weapon 26 | . . . . 1 2 . . . . . . . 1 1 . . . 1 . . 2 1 1 1 . . . 15 Highest Loss Streak 29 | . 1 . 1 1 3 . . 1 1 1 1 . 2 5 1 2 . 3 1 . 4 2 1 2 . 3 1 29 To Critical Strikes 1 | . . . . . . . . . . . . . . 1 . . . . . . . . . . . . . . Average Backups 22 | . 6 10 16 24 23 24 25 24 24 24 23 25 24 24 24 24 24 24 24 24 24 24 23 23 24 24 23 17 Power 1 | . . . . 2 2 2 2 2 2 2 2 2 2 1 2 3 2 2 1 1 1 1 2 2 2 1 . 2 Propulsion 3 | . . 2 3 7 6 8 9 8 6 6 5 5 5 4 . . . . . . . . 4 3 3 6 6 6 Utility 9 | . 1 2 3 3 5 6 6 3 8 8 7 9 9 10 12 12 13 14 14 16 17 15 11 11 8 5 4 2 Weapon 7 | . 3 6 9 11 8 8 8 9 7 7 7 8 7 7 8 8 7 6 6 5 4 5 5 4 8 8 9 4 Tool/Special . | . . . . . . . . . . . . . . . . . . . . . . . . . . . . . Unused Backups 82 | . . 1 3 13 1 2 . 6 7 1 . . 1 9 . 1 3 . 2 2 1 7 . 2 13 1 . 6 Power 9 | . . . . 2 . . . 2 . . . . . . . 1 1 . . 1 . 1 . 1 . . . . Propulsion 15 | . . . 1 . . 2 . 1 3 1 . . . 4 . . . . . . . . . . 1 . . 2 Utility 20 | . . 1 . . 1 . . . 1 . . . 1 1 . . 1 . 2 . . 4 . 1 3 1 . 3 Weapon 35 | . . . 2 11 . . . 3 3 . . . . 4 . . 1 . . 1 . 2 . . 8 . . . Tool/Special 3 | . . . . . . . . . . . . . . . . . . . . . 1 . . . 1 . . 1 Average Slot Usage (%) 94 | . 93 93 93 97 99 100 69 97 99 99 99 100 98 97 93 88 89 92 86 93 87 75 99 99 98 99 99 86 Engine 2 | . 11 14 11 11 11 11 7 2 . . . . . . . . . . 2 . . . . . . . . . Core 6 | . . . . . . . . 4 13 13 13 13 13 10 11 10 11 9 7 10 10 5 . . . . 4 1 Reactor 2 | . . . . . . . . . . . . . . . . . . . . . . 3 9 8 11 12 7 9 Treads 19 | . 11 . 37 44 43 44 30 45 39 39 39 40 38 28 28 22 17 13 4 5 5 3 . . . . . 1 Leg 11 | . 15 28 4 . . . . . . . . . . 3 . . . . 12 21 14 13 35 32 29 29 32 25 Flight 1 | . . . . . . . . . . . . . . . . . 1 11 6 . . . . . . . . . Device 18 | . . . 6 8 11 11 7 12 17 14 19 19 19 21 22 22 19 22 20 19 20 20 19 26 25 25 30 28 Storage 6 | . 14 14 11 11 11 11 7 7 6 6 6 6 6 5 5 5 5 5 5 5 5 5 5 4 4 4 4 3 Processor 4 | . . . . . . . . . 5 6 6 6 6 5 5 5 5 5 5 6 10 9 5 4 4 4 4 . Protection 1 | . 10 8 . . . . . 7 1 . . . . 1 . . 2 . . . . . 5 1 4 3 1 2 Energy Gun 12 | . 14 14 19 21 20 22 15 15 8 5 5 6 5 9 16 16 17 16 10 10 7 12 12 13 4 12 12 6 Energy Cannon 3 | . . . . . 1 . . . 3 5 5 6 5 6 . . . . 4 5 7 . . 3 11 4 3 6 Peak Build Rating 214 | 6 8 16 19 25 23 23 23 58 77 77 77 76 76 95 95 96 90 96 126 123 120 148 146 155 194 202 210 214 Average Rating 96 | 4 7 8 14 21 22 22 23 51 74 75 74 75 74 85 93 84 80 92 107 121 113 110 138 150 183 195 206 183 On Entrance 80 | . 6 8 8 18 22 22 23 23 58 76 73 76 72 72 85 90 81 90 84 118 116 99 140 136 138 194 194 205 Avg Prop Armor Cover (%) 7 | . . . 9 . . . . . . . . . . 2 . 2 2 3 8 12 14 3 . . . . . 12 Naked Turns 80 | . . . . . . . . . . . . . . . . . . . . . . . . . . . . 80 Heaviest Build 203 | 12 30 30 95 101 96 95 95 110 123 126 123 123 125 134 131 131 130 128 128 128 131 155 148 147 203 191 196 203 Greatest Support 229 | 40 40 20 80 80 80 80 80 152 160 160 160 155 155 177 174 174 76 76 90 90 70 171 166 162 193 196 229 224 Greatest Overweight (x) 6 | . 2 1 1 1 1 1 1 . . . . . . 1 . 1 1 3 3 1 1 6 1 1 1 1 . 1 Average Overweight (x) . | . . 1 . 1 1 1 1 . . . . . . . . . 1 1 1 1 1 . . . . . . . Largest Inventory Capacity 25 | 8 15 15 25 25 25 25 25 25 25 25 25 25 25 25 25 25 25 25 25 25 25 25 25 25 25 25 25 25 Average Capacity 24 | 6 12 15 20 25 25 25 25 25 25 25 25 25 25 25 25 25 25 25 25 25 25 25 25 25 25 25 25 23 Most Carried 25 | 1 11 12 24 25 25 25 25 25 25 25 25 25 25 25 25 25 25 25 25 25 25 25 25 25 25 25 25 25 Average Carried 23 | . 6 10 16 24 23 24 25 24 24 24 23 25 24 24 24 24 24 24 24 24 24 24 23 23 24 24 24 20 Final Capacity 25 | 8 15 15 25 25 25 25 25 25 25 25 25 25 25 25 25 25 25 25 25 25 25 25 25 25 25 25 25 5 Final Carried 25 | 1 11 11 24 24 23 25 25 25 24 23 25 25 25 25 24 25 25 25 25 25 24 25 23 24 25 25 23 3 Class Distribution -------------------- 26% | Scavenger-Skirmisher 21% | Mutant 21% | Skirmisher 13% | Scavenger-Mutant 13% | Scavenger-Tank Dominant Class ---------------- Mutant | -10/Materials Mutant | -10/Mines Scavenger-Mutant | -9/Materials Scavenger-Mutant | -9/Storage Scavenger-Mutant | -9/Garrison Scavenger-Mutant | -9/Recycling Scavenger-Mutant | -7/Factory Scavenger-Mutant | -7/DSF Skirmisher | -6/Factory Mutant | -6/Lower Caves Mutant | -6/Lower Caves Mutant | -6/Data Miner Mutant | -5/Proximity Caves Scavenger-Skirmisher | -5/Factory Scavenger-Skirmisher | -5/Upper Caves Scavenger-Skirmisher | -5/Upper Caves Scavenger-Tank | -5/Zhirov Scavenger-Skirmisher | -4/Proximity Caves Skirmisher | -4/Factory Skirmisher | -4/Upper Caves Skirmisher | -4/Upper Caves Skirmisher | -4/Warlord Scavenger-Skirmisher | -3/Proximity Caves Scavenger-Skirmisher | -3/Research Scavenger-Skirmisher | -2/Research Scavenger-Skirmisher | -2/Quarantine Scavenger-Skirmisher | -1/Access Scavenger-Tank | -1/Command Resources | -11 -10 -10 -9 -9 -9 -9 -7 -7 -6 -6 -6 -6 -5 -5 -5 -5 -5 -4 -4 -4 -4 -4 -3 -3 -2 -2 -1 -1 ----------- Run | Yrd Mat Min Mat Sto Gar Rec Fac DSF Fac Low Low Dat Pro Fac Upp Upp Zhi Pro Fac Upp Upp War Pro Res Res Qua Acc Com Matter Collected 6752 | 238 177 30 287 165 194 28 . 220 332 349 183 . 271 381 128 144 . 432 127 136 243 420 441 151 398 215 282 780 Remotely . | . . . . . . . . . . . . . . . . . . . . . . . . . . . . . Salvage Created 11811 | . 429 . 1051 1427 722 207 . 453 562 313 187 . 309 641 170 338 . 457 127 197 650 384 363 499 161 528 949 687 Parts 447 | . 24 . 51 80 39 7 . 12 17 11 2 . 11 21 5 10 . 15 8 4 9 12 8 25 5 21 28 22 Haulers Intercepted 12 | . 2 . 3 6 . . . . . . . . . . . . . . . . . . . . 1 . . . Recyclers Shooed 6 | . . . . 2 . 1 . . . . . . . . . . . . . . . . . . . . 3 . Parts Field Recycled . | . . . . . . . . . . . . . . . . . . . . . . . . . . . . . Retrieved Matter . | . . . . . . . . . . . . . . . . . . . . . . . . . . . . . Parts Self-Destructed 71 | . . . . . . . . . . 11 4 . 12 . 4 6 . 14 . 1 12 . 7 . . . . . Prevented 3 | . . . . . . . . . . . 3 . . . . . . . . . . . . . . . . . Parts Restored . | . . . . . . . . . . . . . . . . . . . . . . . . . . . . . Kills | -11 -10 -10 -9 -9 -9 -9 -7 -7 -6 -6 -6 -6 -5 -5 -5 -5 -5 -4 -4 -4 -4 -4 -3 -3 -2 -2 -1 -1 ------- Run | Yrd Mat Min Mat Sto Gar Rec Fac DSF Fac Low Low Dat Pro Fac Upp Upp Zhi Pro Fac Upp Upp War Pro Res Res Qua Acc Com Combat Hostiles Destroyed 210 | . 9 . 13 20 23 1 . 9 11 8 7 . 10 13 2 10 . 9 2 . 9 7 11 8 . 7 14 7 Guns 120 | . 9 . 13 20 19 1 . 9 5 1 1 . 1 2 2 2 . 4 1 . 3 6 5 6 . 4 4 2 Cannons 27 | . . . . . . . . . 2 3 3 . . 2 . . . . 1 . 5 . . . . 3 3 5 AOE 41 | . . . . . 4 . . . . 3 2 . 7 4 . 7 . 3 . . . 1 4 . . . 6 . Classes Destroyed 24 | . 5 . 4 1 2 . . 1 1 1 1 . . . 1 . . . . . . 2 1 1 . . . 3 Worker 6 | . . . 1 1 . . . . . . . . . . . . . . . . . . . 2 1 . 1 . Builder 3 | . 1 . . 1 . . . . . . . . . . . . . . 1 . . . . . . . . . Tunneler 1 | . . . . . . . . . 1 . . . . . . . . . . . . . . . . . . . Hauler 12 | . 2 . 3 6 . . . . . . . . . . . . . . . . . . . . 1 . . . Recycler 12 | . . . 4 3 . 2 . . . . . . . . . . . . . . . . . . . . 1 2 Mechanic 1 | . . . . 1 . . . . . . . . . . . . . . . . . . . . . . . . Operator 5 | . 1 . . 1 . . . . . . . . . . . . . . . . . . . . 1 1 . 1 Watcher 4 | . . . . . . . . . . . . . . . . . . . . . . . . 1 . 1 2 . Swarmer 44 | . 3 . 2 5 7 . . 3 3 1 1 . 4 4 . 5 . 2 . . . . 2 . . 2 . . Saboteur 1 | . . . . . . . . . . . . . . . . . . . . . . 1 . . . . . . Grunt 72 | . 6 . 3 7 11 . . 4 4 5 3 . 4 1 . 4 . 3 . . 1 2 6 1 . 1 5 1 Brawler 4 | . . . 1 . 1 . . . . . . . . . . . . . . . . 1 . . . . 1 . Duelist 6 | . . . . . . . . . . . 2 . . . . . . . . . 2 1 1 . . . . . Sentry 31 | . . . 7 8 1 1 . . 1 1 1 . 1 4 . 1 . 1 . . 1 . 1 . . . 1 1 Demolisher 1 | . . . . . . . . . . . . . . . . . . . . . . . 1 . . . . . Specialist 4 | . . . . . 2 . . . . . . . . . . . . . . . . 1 1 . . . . . Hunter 17 | . . . . . . . . 1 . . . . . 2 2 . . 2 . . 4 . . . . 2 4 . Programmer 23 | . . . . . 1 . . 1 3 . . . . 2 . . . 1 2 . 1 . . 7 . 2 3 . Heavy 1 | . . . . . . . . . . . . . . . . . . . . . . . . . . . . 1 Behemoth 2 | . . . . . . . . . . 1 . . 1 . . . . . . . . . . . . . . . Combat Programmer 1 | . . . . . . . . . . . . . . . . . . . . . . . . . . . . 1 Striker 1 | . . . . . . . . . . . . . . . . . . . . . . . . . . . . 1 Executioner 2 | . . . . . . . . . . . . . . . . . . . . . . 1 . . . . . 1 Alpha 7 1 | . . . . . . . . . . . . . . . . . . . . . . . . . . . . 1 Samaritan 4 | . . . . . . . . . . . . . . . 1 2 . . . 1 . . . . . . . . Best Kill Streak 12 | . 5 . 4 7 7 3 . 4 3 6 4 . 4 5 1 5 . 3 3 . 4 3 5 4 2 4 12 3 Combat Bots Only 11 | . 5 . 3 5 7 1 . 4 3 6 4 . 4 5 1 5 . 3 2 . 4 3 5 2 . 4 11 3 Max Kills in Single Turn 4 | . 1 . 2 2 2 1 . 1 1 2 1 . 3 2 1 3 . 2 1 1 1 1 2 2 1 1 4 1 Gunslinging 1 | . . . . . 1 . . . . . . . . . . . . 1 . . . . . . . . . . Exploded 3 | . . . . . 2 . . . . 2 1 . 3 2 . 3 . 2 . . . 1 2 . . . 3 . Melee . | . . . . . . . . . . . . . . . . . . . . . . . . . . . . . Uniques/NPCs Destroyed . | . . . . . . . . . . . . . . . . . . . . . . . . . . . . . Combat | -11 -10 -10 -9 -9 -9 -9 -7 -7 -6 -6 -6 -6 -5 -5 -5 -5 -5 -4 -4 -4 -4 -4 -3 -3 -2 -2 -1 -1 -------- Run | Yrd Mat Min Mat Sto Gar Rec Fac DSF Fac Low Low Dat Pro Fac Upp Upp Zhi Pro Fac Upp Upp War Pro Res Res Qua Acc Com Hostile Shots Fired 2021 | . 53 . 60 95 136 . . 75 90 40 16 . 32 74 30 43 . 94 10 . 155 77 80 65 . 56 130 610 Missed 586 | . 15 . 13 29 44 . . 19 26 8 6 . 12 17 4 14 . 31 6 . 35 30 31 18 . 17 38 173 Intercepted 12 | . . . . . . . . . . . . . . . . . . . . . . . . . . . . 12 Deflected 12 | . . . . . . . . . . . . . . . . . . . . . . . . . . . . 12 Hits 1435 | . 38 . 47 66 92 . . 56 64 32 10 . 20 57 26 29 . 63 4 . 120 47 49 47 . 39 92 437 Melee 14 | . . . . . . . . . . . . . . . . . . . . . 8 . 4 . . . . 2 Projectile 1421 | . 38 . 47 66 92 . . 56 64 32 10 . 20 57 26 29 . 63 4 . 112 47 45 47 . 39 92 435 AOE 23 | . . . . . . . . . . . . . . . . . . . . . . 3 9 . . . . 11 Critical Strikes 57 | . . . 2 1 1 . . 2 4 3 2 . 2 6 1 . . . . . 5 2 3 5 . 1 2 15 Actively Blocked 16 | . . . . . . . . . . . . . . . . . . . . . . . . . . 1 2 13 Part Disruptions 25 | . . . . . . . . . . . . . . . . . . . . . . . . 1 . . . 24 Damage Taken 28475 | . 465 . 570 839 939 . . 1211 907 562 159 . 451 1453 393 448 . 788 187 . 1610 1101 779 1097 . 788 1391 12337 Core 2645 | . 63 . 79 107 85 . . 90 31 17 16 . 67 222 15 73 . 74 . . 232 76 19 95 . 77 53 1154 Absorbed by Shields 3412 | . . . . . . . . . . . . . . 222 72 174 . 336 . . 784 337 359 . . 48 584 496 Reduced by Siege Mode 758 | . . . . . . . . . . . . . . 20 . . . . . . 96 . . . . . . 642 Redirected to Shielding 92 | . 3 . . . . . . . . . . . . 22 6 11 . 38 12 . . . . . . . . . Ignored by Resistances 1629 | . . . . . . . . . 45 60 21 . 36 8 . . . . . . . . 242 . . 72 . 1145 Regen/Repaired (Parts) 1156 | . . . . . . . . . 550 . . . . 47 . . . . . . . 322 . . 237 . . . Core Remaining (%) 71 | 100 . 74 . . . 32 . 87 . . . . 84 . . . . 61 . . . . 71 92 . 94 . 24 Volleys Fired 934 | . 35 . 51 75 55 10 . 40 80 24 20 . 12 56 28 27 . 25 32 9 30 19 39 59 12 29 39 128 Largest 4 | . 2 . 2 2 2 2 . 2 2 2 2 . 2 3 3 3 . 3 3 3 3 3 3 4 4 4 4 4 Hottest 480 | . 70 . 112 112 112 112 . 150 165 165 165 . 165 270 243 243 . 243 246 246 282 282 276 367 480 370 315 370 Shots Fired 2067 | . 70 . 102 145 103 20 . 80 125 38 34 . 22 100 46 59 . 58 40 11 90 58 84 140 27 77 114 424 Gun 1473 | . 70 . 102 145 96 20 . 80 75 12 11 . 7 24 27 48 . 49 8 8 64 58 74 84 6 47 79 279 Cannon 534 | . . . . . 3 . . . 50 22 17 . 8 73 19 . . 2 32 3 26 . . 56 21 30 29 143 Launcher 60 | . . . . . 4 . . . . 4 6 . 7 3 . 11 . 7 . . . . 10 . . . 6 2 Special . | . . . . . . . . . . . . . . . . . . . . . . . . . . . . . Kinetic 65 | . 35 . 19 . . . . . . . . . . . . . . . . . . . . . . . . 11 Thermal 1923 | . 35 . 83 145 99 20 . 80 125 34 28 . 15 97 46 48 . 51 40 11 90 54 74 140 27 77 108 396 Explosive 60 | . . . . . 4 . . . . 4 6 . 7 3 . 11 . 7 . . . . 10 . . . 6 2 Electromagnetic . | . . . . . . . . . . . . . . . . . . . . . . . . . . . . . Entropic 19 | . . . . . . . . . . . . . . . . . . . . . . 4 . . . . . 15 Robot Hit Streak 48 | . 16 . 15 20 11 13 . 11 10 9 10 . 4 13 4 12 . 9 4 13 13 16 16 12 3 7 9 48 Robot Miss Streak 5 | . 2 . 3 5 4 1 . 4 3 2 5 . 1 2 2 3 . 4 2 . 4 4 3 5 3 3 3 4 Penetration Max . | . . . . . . . . . . . . . . . . . . . . . . . . . . . . . Secondary Targets 16 | . 2 . . 3 3 . . 3 . . . . . . . . . 1 . . 2 2 . . . . . . Max Gunslinging Chain 1 | . 1 . . 1 1 . . 1 . . . . . . . . . 1 . . 1 1 . . . . . . Shots Hit Robots 1256 | . 48 . 68 99 64 16 . 50 62 20 16 . 11 45 17 39 . 33 8 9 61 34 47 69 10 35 66 329 Core Hits 558 | . 22 . 35 42 30 6 . 18 18 19 16 . 23 23 6 25 . 20 4 6 21 17 35 26 3 15 37 91 Critical Kills 4 | . . . 1 . . . . . . . . . 2 1 . . . . . . . . . . . . . . Critical Parts Destroyed 2 | . . . . . . . . . . . . . . . . . . . . . . 1 . . . . . 1 Critical Strikes 47 | . 2 . 7 9 3 4 . 4 3 2 1 . 3 1 . 2 . 1 . . . 1 1 1 . . . 2 Burn 40 | . 2 . 6 9 3 4 . 4 3 2 1 . 1 . . 2 . 1 . . . . 1 1 . . . . Meltdown 3 | . . . . . . . . . . . . . 2 1 . . . . . . . . . . . . . . Destroy 2 | . . . 1 . . . . . . . . . . . . . . . . . . . . . . . . 1 Detonate 2 | . . . . . . . . . . . . . . . . . . . . . . 1 . . . . . 1 Melee Attacks . | . . . . . . . . . . . . . . . . . . . . . . . . . . . . . Impact . | . . . . . . . . . . . . . . . . . . . . . . . . . . . . . Slashing . | . . . . . . . . . . . . . . . . . . . . . . . . . . . . . Piercing . | . . . . . . . . . . . . . . . . . . . . . . . . . . . . . Sneak Attacks . | . . . . . . . . . . . . . . . . . . . . . . . . . . . . . Combat Hostiles . | . . . . . . . . . . . . . . . . . . . . . . . . . . . . . Follow-up Attacks . | . . . . . . . . . . . . . . . . . . . . . . . . . . . . . Damage Inflicted 42533 | . 648 . 1040 1826 1476 301 . 1107 1585 978 1067 . 1043 1508 409 1813 . 1201 302 218 1774 1241 2974 2123 476 1420 4027 11976 Guns 25940 | . 648 . 1040 1826 1133 301 . 1107 1276 201 130 . 67 494 409 786 . 696 197 190 1226 1155 1215 1516 57 911 1689 7670 Cannons 8672 | . . . . . . . . . 309 294 223 . 233 790 . . . . 105 28 548 . . 607 419 509 628 3979 Explosions 7921 | . . . . . 343 . . . . 483 714 . 743 224 . 1027 . 505 . . . 86 1759 . . . 1710 327 Melee . | . . . . . . . . . . . . . . . . . . . . . . . . . . . . . Ramming . | . . . . . . . . . . . . . . . . . . . . . . . . . . . . . Kinetic 942 | . 339 . 147 . . . . . . . . . . . . . . . . . . . . . . . . 456 Thermal 32843 | . 309 . 893 1826 1133 301 . 1107 1585 495 353 . 300 1284 409 786 . 696 302 218 1774 1124 1215 2123 476 1420 2317 10397 Explosive 7661 | . . . . . 343 . . . . 483 714 . 743 224 . 1027 . 505 . . . . 1759 . . . 1710 153 Electromagnetic . | . . . . . . . . . . . . . . . . . . . . . . . . . . . . . Impact . | . . . . . . . . . . . . . . . . . . . . . . . . . . . . . Slashing . | . . . . . . . . . . . . . . . . . . . . . . . . . . . . . Piercing . | . . . . . . . . . . . . . . . . . . . . . . . . . . . . . Entropic 1087 | . . . . . . . . . . . . . . . . . . . . . . 117 . . . . . 970 Highest Corruption 46 | . . . . . 1 1 . 2 4 . . . . . . . . 1 . . 1 4 4 5 . . 1 46 Average Corruption 3 | . . . . . 1 1 . 1 2 . . . . . . . . 1 . . 1 3 4 2 . . 1 6 Corruption Purged 7 | . . . . . . . . . 4 . . . . . . . . . . . . . . 3 . . . . Corruption Blocked . | . . . . . . . . . . . . . . . . . . . . . . . . . . . . . Effects 131 | . . . . . 3 6 . 1 14 . . . . . . . . 3 . . 13 9 25 8 . . 1 48 Message Errors 27 | . . . . . 1 2 . 1 3 . . . . . . . . 1 . . 2 3 4 2 . . . 8 Matter Fused 33 | . . . . . . 2 . . 6 . . . . . . . . . . . 5 . 5 1 . . 1 13 Heat Flow Errors 13 | . . . . . 1 . . . . . . . . . . . . 1 . . 3 . 2 2 . . . 4 Energy Discharges 15 | . . . . . . 2 . . 3 . . . . . . . . . . . . 1 5 1 . . . 3 Parts Rejected 4 | . . . . . . . . . . . . . . . . . . . . . . . . 1 . . . 3 Parts Fused 1 | . . . . . . . . . . . . . . . . . . . . . . 1 . . . . . . Data Loss (minor) 13 | . . . . . 1 . . . 2 . . . . . . . . 1 . . 3 1 2 . . . . 3 Data Loss (major) 3 | . . . . . . . . . . . . . . . . . . . . . . . 3 . . . . . Misfires 4 | . . . . . . . . . . . . . . . . . . . . . . 1 . 1 . . . 2 Alerts 5 | . . . . . . . . . . . . . . . . . . . . . . 2 1 . . . . 2 Misdirections 1 | . . . . . . . . . . . . . . . . . . . . . . . . . . . . 1 Weapon Failures 12 | . . . . . . . . . . . . . . . . . . . . . . . 3 . . . . 9 Overload Shots . | . . . . . . . . . . . . . . . . . . . . . . . . . . . . . Overflow Damage 524 | . . . . . . . . . 11 13 96 . . 8 . . . 27 29 . 11 36 31 35 38 9 154 26 Projectiles 266 | . . . . . . . . . 11 10 23 . . 8 . . . . 29 . 11 . . 35 38 9 66 26 Explosions 258 | . . . . . . . . . . 3 73 . . . . . . 27 . . . 36 31 . . . 88 . Melee . | . . . . . . . . . . . . . . . . . . . . . . . . . . . . . Knockbacks . | . . . . . . . . . . . . . . . . . . . . . . . . . . . . . Impact . | . . . . . . . . . . . . . . . . . . . . . . . . . . . . . Kinetic . | . . . . . . . . . . . . . . . . . . . . . . . . . . . . . Secondary . | . . . . . . . . . . . . . . . . . . . . . . . . . . . . . Self-Inflicted Damage 330 | . . . . . . . . . . . . . 64 . . 25 . 36 . . . . . . . . 88 117 Shots 7 | . . . . . . . . . . . . . 2 . . 1 . 1 . . . . . . . . 1 2 Rammed . | . . . . . . . . . . . . . . . . . . . . . . . . . . . . . Targets Rammed . | . . . . . . . . . . . . . . . . . . . . . . . . . . . . . Kicked . | . . . . . . . . . . . . . . . . . . . . . . . . . . . . . Crushed . | . . . . . . . . . . . . . . . . . . . . . . . . . . . . . Highest Temperature 488 | . 210 . 171 308 111 . . 341 285 306 . . . 102 198 210 . 274 54 15 325 78 200 368 488 . 319 387 Average Temperature 97 | . 73 . 42 90 12 . . 148 106 89 . . . 38 67 82 . 91 28 15 113 39 112 155 203 . 146 171 Received Heat Transfer 3299 | . 216 . 210 309 69 . . 252 207 186 99 . 99 105 . 144 . 23 . . 119 81 73 9 . 10 86 1002 Effects 5 | . . . . . . . . . . 1 . . . . . . . . . . . . 1 . 1 . . 2 Energy Bleed 2 | . . . . . . . . . . 1 . . . . . . . . . . . . 1 . . . . . Matter Decay 1 | . . . . . . . . . . . . . . . . . . . . . . . . . . . . 1 Short Circuit 1 | . . . . . . . . . . . . . . . . . . . . . . . . . . . . 1 Damage (minor) 1 | . . . . . . . . . . . . . . . . . . . . . . . . . 1 . . . Siege Activations 5 | . . . . . . . . . . . . . . 1 . . . . . . 2 . . . . . . 2 Total Turns 201 | . . . . . . . . . . . . . . 14 . . . . . . 45 . . . . . . 142 Longest Duration 113 | . . . . . . . . . . . . . . 14 . . . . . . 34 . . . . . . 113 Martial Activations . | . . . . . . . . . . . . . . . . . . . . . . . . . . . . . Shielding Activations 3 | . . . . . . . . . . . . . . . . . . . . . . . . . . . . 3 Total Turns 79 | . . . . . . . . . . . . . . . . . . . . . . . . . . . . 79 Longest Duration 46 | . . . . . . . . . . . . . . . . . . . . . . . . . . . . 46 Robots Disrupted . | . . . . . . . . . . . . . . . . . . . . . . . . . . . . . Combat Hostiles . | . . . . . . . . . . . . . . . . . . . . . . . . . . . . . Robots Corrupted . | . . . . . . . . . . . . . . . . . . . . . . . . . . . . . Combat Hostiles . | . . . . . . . . . . . . . . . . . . . . . . . . . . . . . Parts Fried 1 | . . . . . . . . . . . . . . . . . . . . . . 1 . . . . . . Impact Corruptions . | . . . . . . . . . . . . . . . . . . . . . . . . . . . . . Robots Melted 23 | . . . . . . . . . 4 1 1 . 2 5 . 2 . 2 . . 1 . 2 2 . . 1 . Combat Hostiles 22 | . . . . . . . . . 4 1 1 . 2 5 . 1 . 2 . . 1 . 2 2 . . 1 . Parts Melted 126 | . 4 . 10 11 5 . . 5 12 3 . . 4 15 4 5 . 9 1 . 8 1 5 10 1 2 4 7 Heat Transferred 44812 | . 1036 . 2590 4477 2553 925 . 2803 3400 1100 750 . 600 1962 629 1369 . 1225 409 346 2446 1274 1650 2939 395 1332 2442 6160 Parts Sabotaged . | . . . . . . . . . . . . . . . . . . . . . . . . . . . . . Parts Stolen . | . . . . . . . . . . . . . . . . . . . . . . . . . . . . . Parts Stripped . | . . . . . . . . . . . . . . . . . . . . . . . . . . . . . Power Chain Reactions . | . . . . . . . . . . . . . . . . . . . . . . . . . . . . . Alert | -11 -10 -10 -9 -9 -9 -9 -7 -7 -6 -6 -6 -6 -5 -5 -5 -5 -5 -4 -4 -4 -4 -4 -3 -3 -2 -2 -1 -1 ------- Run | Yrd Mat Min Mat Sto Gar Rec Fac DSF Fac Low Low Dat Pro Fac Upp Upp Zhi Pro Fac Upp Upp War Pro Res Res Qua Acc Com Maximum Alert Level 4 | . . . . 1 4 2 . 1 1 . . . . . . . . . . . . . . . . . 2 1 Low Security (%) 80 | 100 100 100 100 55 . . 100 58 99 . . . . 100 . . . . 100 . . . . 100 100 100 32 94 Level 1 10 | . . . . 44 10 52 . 41 . . . . . . . . . . . . . . . . . . 56 5 Level 2 4 | . . . . . 24 47 . . . . . . . . . . . . . . . . . . . . 11 . Level 3 4 | . . . . . 49 . . . . . . . . . . . . . . . . . . . . . . . Level 4 1 | . . . . . 15 . . . . . . . . . . . . . . . . . . . . . . . Level 5 . | . . . . . . . . . . . . . . . . . . . . . . . . . . . . . High Security . | . . . . . . . . . . . . . . . . . . . . . . . . . . . . . Max Security . | . . . . . . . . . . . . . . . . . . . . . . . . . . . . . Sterilizations 1 | . . . . . . . . 1 . . . . . . . . . . . . . . . . . . . . Peak Influence 1146 | . 100 . 151 393 1146 515 183 334 200 . . . . 119 . . . . 47 . . . . 68 39 125 431 234 Initial 515 | . . . . 50 247 515 178 128 175 . . . . 16 . . . . . . . . . 10 31 . 4 234 Average 131 | . 24 . 75 157 782 401 179 201 73 . . . . 35 . . . . 4 . . . . 12 1 28 248 47 Influence Increases 7849 | . 258 . 539 1117 949 99 55 246 477 170 170 . 220 461 50 235 . 210 103 5 210 355 341 304 41 298 607 329 Destroy 0b10 Robot/C 4680 | . 180 . 300 620 480 80 . 200 220 160 140 . 200 260 40 200 . 180 40 . 180 220 260 160 . 140 280 140 Destroy 0b10 Robot/NC 245 | . 20 . 40 75 . 10 . 5 5 . . . . . . . . . 5 5 . 5 . 15 15 10 20 15 Destroy Leader 852 | . 44 . 106 212 10 . . 40 60 10 . . 20 70 10 20 . 30 10 . 30 . 30 32 2 32 64 20 Allied During Kill 234 | . . . 10 151 7 4 . 1 . . . . . . . . . . . . . 55 6 . . . . . Successful Hack 163 | . 11 . 37 27 28 5 5 . 10 . . . . 13 . . . . 18 . . . . . . 5 . 4 Disable Machine 210 | . . . 15 15 30 . . . 45 . . . . 15 . . . . . . . . . 15 . 45 30 . Anti-Garrison Action 300 | . . . . . 300 . . . . . . . . . . . . . . . . . . . . . . . Destroy Structure 650 | . 3 . 1 2 19 . . . 32 . . . . 88 . . . . 30 . . . . 82 24 66 198 105 Advance Influence 50 | . . . . . . . 50 . . . . . . . . . . . . . . . . . . . . . Lose Combat Pursuer 465 | . . . 30 15 75 . . . 105 . 30 . . 15 . 15 . . . . . 75 45 . . . 15 45 Influence Decreases 7825 | . 258 . 418 857 184 937 180 95 643 338 170 . 194 400 127 148 97 210 103 5 150 169 571 264 97 289 249 672 Entered New Map 1910 | . . . . 71 134 631 180 55 159 63 . . . 10 33 2 97 . . . . 60 246 6 25 . 5 133 Time Decay 4962 | . 238 . 368 497 . 286 . . 474 275 160 . 174 330 84 136 . 200 103 5 110 89 300 226 72 259 224 352 Lost Part 599 | . 20 . 10 20 50 . . 20 10 . 10 . 20 60 10 10 . 10 . . 40 20 20 32 . 30 20 187 Lost Ally 354 | . . . 40 269 . 20 . 20 . . . . . . . . . . . . . . 5 . . . . . Squads Dispatched 41 | . 1 . . 6 . . . 1 5 . . . . 7 . . . . 2 . . . . 3 1 6 1 8 Investigation 2 | . . . . 1 . . . . 1 . . . . . . . . . . . . . . . . . . . Extermination 19 | . . . . . . . . . 4 . . . . 2 . . . . 2 . . . . 2 . 2 1 6 Reinforcement 12 | . 1 . . 2 . . . 1 . . . . . 3 . . . . . . . . . 1 1 1 . 2 Assault 2 | . . . . . . . . . . . . . . 2 . . . . . . . . . . . . . . Garrison 6 | . . . . 3 . . . . . . . . . . . . . . . . . . . . . 3 . . Intercept . | . . . . . . . . . . . . . . . . . . . . . . . . . . . . . Searches Triggered . | . . . . . . . . . . . . . . . . . . . . . . . . . . . . . Construction Impeded . | . . . . . . . . . . . . . . . . . . . . . . . . . . . . . Haulers Reinforced 2 | . . . . . . . . . . . . . . . . . . . . . . . . 1 1 . . . Active Scanning Responses . | . . . . . . . . . . . . . . . . . . . . . . . . . . . . . Cargo Convoy Interrupts 1 | . . . . . . . . . . . . . . 1 . . . . . . . . . . . . . . Stealth | -11 -10 -10 -9 -9 -9 -9 -7 -7 -6 -6 -6 -6 -5 -5 -5 -5 -5 -4 -4 -4 -4 -4 -3 -3 -2 -2 -1 -1 --------- Run | Yrd Mat Min Mat Sto Gar Rec Fac DSF Fac Low Low Dat Pro Fac Upp Upp Zhi Pro Fac Upp Upp War Pro Res Res Qua Acc Com Distress Signals 30 | . . . 3 . . . . . 1 . . . . 1 . . . . . . . . 7 . 11 2 1 4 Communications Jammed . | . . . . . . . . . . . . . . . . . . . . . . . . . . . . . Distress Signals . | . . . . . . . . . . . . . . . . . . . . . . . . . . . . . Times Spotted 366 | . 17 . 20 34 25 3 . 10 21 6 9 . 12 15 4 9 . 9 3 . 10 52 16 11 6 11 16 47 Peak Tracking Total 16 | . 5 . 4 4 9 2 . 4 4 4 5 . 5 5 2 4 . 3 2 . 5 16 5 2 3 3 9 10 Tactical Retreats 27 | . . . 2 1 3 . . . 6 . 2 . . 1 1 1 . . . . . 3 3 . . . 1 3 ECM-based Alert Blocks 2 | . . . . . . . . . . . . . . . 2 . . . . . . . . . . . . . Traps | -11 -10 -10 -9 -9 -9 -9 -7 -7 -6 -6 -6 -6 -5 -5 -5 -5 -5 -4 -4 -4 -4 -4 -3 -3 -2 -2 -1 -1 ------- Run | Yrd Mat Min Mat Sto Gar Rec Fac DSF Fac Low Low Dat Pro Fac Upp Upp Zhi Pro Fac Upp Upp War Pro Res Res Qua Acc Com Traps Triggered 17 | . 1 . . 3 6 . . . 1 . . . . . . . . . 1 . . . 1 . . 2 . 2 Indirectly . | . . . . . . . . . . . . . . . . . . . . . . . . . . . . . Trap Hack Attempts . | . . . . . . . . . . . . . . . . . . . . . . . . . . . . . Triggered . | . . . . . . . . . . . . . . . . . . . . . . . . . . . . . Disarmed . | . . . . . . . . . . . . . . . . . . . . . . . . . . . . . Reprogrammed . | . . . . . . . . . . . . . . . . . . . . . . . . . . . . . Reused . | . . . . . . . . . . . . . . . . . . . . . . . . . . . . . Traps Extracted . | . . . . . . . . . . . . . . . . . . . . . . . . . . . . . Installed . | . . . . . . . . . . . . . . . . . . . . . . . . . . . . . Triggered . | . . . . . . . . . . . . . . . . . . . . . . . . . . . . . Machines | -11 -10 -10 -9 -9 -9 -9 -7 -7 -6 -6 -6 -6 -5 -5 -5 -5 -5 -4 -4 -4 -4 -4 -3 -3 -2 -2 -1 -1 ---------- Run | Yrd Mat Min Mat Sto Gar Rec Fac DSF Fac Low Low Dat Pro Fac Upp Upp Zhi Pro Fac Upp Upp War Pro Res Res Qua Acc Com Machines Disabled 20 | . . . 1 1 4 . . 1 3 1 . . . 1 . . . . . 1 . 1 . 1 . 3 2 . Max in Single Turn 1 | . . . 1 1 1 . . 1 1 1 . . . 1 . . . . . 1 . 1 . 1 . 1 1 . Garrison Access 4 | . . . . . . . . . 1 . . . . 1 . . . . . . . . . 1 1 . . . Garrison Relay 2 | . . . . . 2 . . . . . . . . . . . . . . . . . . . . . . . Machines Repaired . | . . . . . . . . . . . . . . . . . . . . . . . . . . . . . Machines Dismantled . | . . . . . . . . . . . . . . . . . . . . . . . . . . . . . Machines Sabotaged . | . . . . . . . . . . . . . . . . . . . . . . . . . . . . . Overloaded Fab Kills . | . . . . . . . . . . . . . . . . . . . . . . . . . . . . . Hacking | -11 -10 -10 -9 -9 -9 -9 -7 -7 -6 -6 -6 -6 -5 -5 -5 -5 -5 -4 -4 -4 -4 -4 -3 -3 -2 -2 -1 -1 --------- Run | Yrd Mat Min Mat Sto Gar Rec Fac DSF Fac Low Low Dat Pro Fac Upp Upp Zhi Pro Fac Upp Upp War Pro Res Res Qua Acc Com Machines Accessed 80 | . 4 . 5 10 4 9 1 . 5 . 2 4 . 2 . . 8 . 3 1 2 4 . 2 1 9 1 3 Terminals 37 | . 2 . 2 8 4 4 1 . 2 . . . . 1 . . . . 1 . . . . . 1 7 1 3 Fabricators . | . . . . . . . . . . . . . . . . . . . . . . . . . . . . . Repair Stations 3 | . . . . . . . . . 1 . . . . 1 . . . . 1 . . . . . . . . . Recycling Units 9 | . 2 . 1 1 . 5 . . . . . . . . . . . . . . . . . . . . . . Scanalyzers 5 | . . . 2 . . . . . . . . . . . . . . . 1 . . . . 1 . 1 . . Garrison Access 5 | . . . . 1 . . . . 2 . . . . . . . . . . . . . . 1 . 1 . . Total Hacks 223 | . 9 . 14 22 6 18 3 . 12 . 5 32 . 4 . . 47 . 6 1 4 14 . 4 2 14 2 4 Successful 160 | . 5 . 10 10 2 6 1 . 9 . 5 32 . 4 . . 47 . 3 1 4 14 . 1 1 3 1 1 Failed 62 | . 3 . 4 12 4 12 2 . 3 . . . . . . . . . 3 . . . . 3 1 11 1 3 Catastrophic 10 | . 1 . . . 1 . . . 1 . . . . . . . . . 1 . . . . 1 . 3 . 2 Database Lockouts 1 | . 1 . . . . . . . . . . . . . . . . . . . . . . . . . . . Manual 54 | . 6 . 5 11 . 9 . . 4 . . . . 2 . . . 1 3 . . 1 . . . 8 . 4 Terminals 77 | . 6 . 7 18 6 9 3 . 4 . . . . 2 . . . . 3 . . . . . 2 11 2 4 Fabricators . | . . . . . . . . . . . . . . . . . . . . . . . . . . . . . Repair Stations 9 | . . . . . . . . . 6 . . . . 2 . . . . 1 . . . . . . . . . Recycling Units 15 | . 3 . 1 2 . 9 . . . . . . . . . . . . . . . . . . . . . . Scanalyzers 12 | . . . 6 . . . . . . . . . . . . . . . 2 . . . . 2 . 2 . . Garrison Access 7 | . . . . 2 . . . . 2 . . . . . . . . . . . . . . 2 . 1 . . Terminal Hacks 122 | . 2 . 3 5 2 . 1 . 1 . 5 32 . 1 . . 47 . . 1 4 14 . . 1 1 1 1 Record 65 | . . . . . . . . . . . 4 11 . . . . 35 . . 1 3 8 . . 1 1 1 . Part Schematic 14 | . . . . . . . . . . . . 10 . . . . 4 . . . . . . . . . . . Robot Schematic 8 | . . . . . . . . . . . . 8 . . . . . . . . . . . . . . . . Robot Analysis 7 | . 1 . 1 1 . . . . . . . . . . . . 4 . . . . . . . . . . . Prototype ID Bank 13 | . . . 1 . . . . . . . . 3 . . . . 4 . . . . 5 . . . . . . Open Door 7 | . . . . 3 . . . . . . 1 . . . . . . . . . 1 1 . . . . . 1 Open DSF 1 | . . . . . . . 1 . . . . . . . . . . . . . . . . . . . . . Level Access Points 1 | . . . . 1 . . . . . . . . . . . . . . . . . . . . . . . . Branch Access Points 3 | . . . 1 . . . . . 1 . . . . 1 . . . . . . . . . . . . . . Emergency Access Points 1 | . . . . . 1 . . . . . . . . . . . . . . . . . . . . . . . Zone Layout 1 | . 1 . . . . . . . . . . . . . . . . . . . . . . . . . . . Garrison Registry 1 | . . . . . 1 . . . . . . . . . . . . . . . . . . . . . . . Fabricator Hacks . | . . . . . . . . . . . . . . . . . . . . . . . . . . . . . Repair Station Hacks 9 | . . . . . . . . . 6 . . . . 2 . . . . 1 . . . . . . . . . Scan Component 4 | . . . . . . . . . 3 . . . . 1 . . . . . . . . . . . . . . Repair 4 | . . . . . . . . . 3 . . . . 1 . . . . . . . . . . . . . . Refit 1 | . . . . . . . . . . . . . . . . . . . 1 . . . . . . . . . Recycling Unit Hacks 8 | . 2 . 1 1 . 4 . . . . . . . . . . . . . . . . . . . . . . Retrieve Components 8 | . 2 . 1 1 . 4 . . . . . . . . . . . . . . . . . . . . . . Scanalyzer 6 | . . . 4 . . . . . . . . . . . . . . . 2 . . . . . . . . . Retrieve Study 6 | . . . 4 . . . . . . . . . . . . . . . 2 . . . . . . . . . Garrison Access Hacks 3 | . . . . 1 . . . . 1 . . . . . . . . . . . . . . 1 . . . . Unlock Access 1 | . . . . 1 . . . . . . . . . . . . . . . . . . . . . . . . Seal Access 2 | . . . . . . . . . 1 . . . . . . . . . . . . . . 1 . . . . Unauthorized Hacks 12 | . 1 . 2 3 . 2 . . 1 . . . . 1 . . . . . . . . . . . 2 . . Terminals 12 | . 1 . 2 3 . 2 . . 1 . . . . 1 . . . . . . . . . . . 2 . . Botnet 12 | . 1 . 2 3 . 2 . . 1 . . . . 1 . . . . . . . . . . . 2 . . Fabricators . | . . . . . . . . . . . . . . . . . . . . . . . . . . . . . Repair Stations . | . . . . . . . . . . . . . . . . . . . . . . . . . . . . . Recycling Units . | . . . . . . . . . . . . . . . . . . . . . . . . . . . . . Scanalyzers . | . . . . . . . . . . . . . . . . . . . . . . . . . . . . . Garrison Access . | . . . . . . . . . . . . . . . . . . . . . . . . . . . . . Data Cores Recovered 2 | . . . . 1 . . . . . . . . . . . . . . . . . . . . 1 . . . Used 2 | . . . . 1 . . . . . . . . . . . . . . . . . . . . 1 . . . Hacking Detections 47 | . 3 . 4 7 3 7 1 . 4 . . . . 1 . . . . 2 . . . . 1 1 8 1 4 Full Trace Events 4 | . . . . . 2 1 . . 1 . . . . . . . . . . . . . . . . . . . Feedback Events 1 | . . . . . 1 . . . . . . . . . . . . . . . . . . . . . . . Corruption 1 | . . . . . 1 . . . . . . . . . . . . . . . . . . . . . . . Feedback Blocked . | . . . . . . . . . . . . . . . . . . . . . . . . . . . . . Robot Schematics Acquired 9 | . . . . . . . . . . . . 8 . . . . . . . . . . . . . 1 . . Robots Built . | . . . . . . . . . . . . . . . . . . . . . . . . . . . . . Authchips . | . . . . . . . . . . . . . . . . . . . . . . . . . . . . . Time . | . . . . . . . . . . . . . . . . . . . . . . . . . . . . . Total Robot Build Rating . | . . . . . . . . . . . . . . . . . . . . . . . . . . . . . Part Schematics Acquired 19 | . . . . . . . . . . . . 10 . . . . 4 . . . . . . . . 5 . . Parts Built . | . . . . . . . . . . . . . . . . . . . . . . . . . . . . . Authchips . | . . . . . . . . . . . . . . . . . . . . . . . . . . . . . Time . | . . . . . . . . . . . . . . . . . . . . . . . . . . . . . Total Part Build Rating . | . . . . . . . . . . . . . . . . . . . . . . . . . . . . . Part Studies Acquired 6 | . . . 4 . . . . . . . . . . . . . . . 2 . . . . . . . . . Parts Repaired 4 | . . . . . . . . . 3 . . . . 1 . . . . . . . . . . . . . . Time 164 | . . . . . . . . . 126 . . . . 38 . . . . . . . . . . . . . . Parts Recycled . | . . . . . . . . . . . . . . . . . . . . . . . . . . . . . Recycled Matter . | . . . . . . . . . . . . . . . . . . . . . . . . . . . . . Retrieved Matter . | . . . . . . . . . . . . . . . . . . . . . . . . . . . . . Retrieved Components 21 | . 2 . 1 10 . 8 . . . . . . . . . . . . . . . . . . . . . . Parts Scanalyzed . | . . . . . . . . . . . . . . . . . . . . . . . . . . . . . Part Schematics Acquired . | . . . . . . . . . . . . . . . . . . . . . . . . . . . . . Parts Damaged . | . . . . . . . . . . . . . . . . . . . . . . . . . . . . . Bothacking | -11 -10 -10 -9 -9 -9 -9 -7 -7 -6 -6 -6 -6 -5 -5 -5 -5 -5 -4 -4 -4 -4 -4 -3 -3 -2 -2 -1 -1 ------------ Run | Yrd Mat Min Mat Sto Gar Rec Fac DSF Fac Low Low Dat Pro Fac Upp Upp Zhi Pro Fac Upp Upp War Pro Res Res Qua Acc Com Used RIF Installer . | . . . . . . . . . . . . . . . . . . . . . . . . . . . . . Robots Hacked . | . . . . . . . . . . . . . . . . . . . . . . . . . . . . . Non-combat . | . . . . . . . . . . . . . . . . . . . . . . . . . . . . . Combat . | . . . . . . . . . . . . . . . . . . . . . . . . . . . . . Robot Hacks Applied . | . . . . . . . . . . . . . . . . . . . . . . . . . . . . . Relay Couplers Released 14 | . . . . . 12 . . . . . . . . 2 . . . . . . . . . . . . . . Machine Destruction 11 | . . . . . 9 . . . . . . . . 2 . . . . . . . . . . . . . . Programmers 3 | . . . . . 3 . . . . . . . . . . . . . . . . . . . . . . . Fabnet Peak Effective % . | . . . . . . . . . . . . . . . . . . . . . . . . . . . . . Robots Rewired 5 | . . . . . . . . . . . . . . . . . . . . . . 5 . . . . . . Allies Hacked . | . . . . . . . . . . . . . . . . . . . . . . . . . . . . . Hacks Repelled . | . . . . . . . . . . . . . . . . . . . . . . . . . . . . . Allies | -11 -10 -10 -9 -9 -9 -9 -7 -7 -6 -6 -6 -6 -5 -5 -5 -5 -5 -4 -4 -4 -4 -4 -3 -3 -2 -2 -1 -1 -------- Run | Yrd Mat Min Mat Sto Gar Rec Fac DSF Fac Low Low Dat Pro Fac Upp Upp Zhi Pro Fac Upp Upp War Pro Res Res Qua Acc Com Total Allies 19 | . . 2 . 10 2 . . . . . . . . . . . . . . . . 5 . . . . . . Largest Group 10 | . . 2 2 10 2 2 1 1 . . . . . . . . . . . . . 5 2 . . . . . Highest-Rated Group 279 | . . 42 42 88 56 56 25 25 . . . . . . . . . . . . . 279 132 . . . . . Highest-Rated Ally 68 | . . 31 31 16 31 31 25 25 . . . . . . . . . . . . . 68 68 . . . . . Initial Warlord ECA Mod 15 | . . . . . . 8 6 6 15 15 15 15 14 14 14 14 14 13 13 13 13 13 12 12 11 11 10 10 Total Orders 3 | . . . . 1 . . . . . . . . . . . . . . . . . . 2 . . . . . ROAM 1 | . . . . . . . . . . . . . . . . . . . . . . . 1 . . . . . FOLLOW 1 | . . . . . . . . . . . . . . . . . . . . . . . 1 . . . . . EXPLORE 1 | . . . . 1 . . . . . . . . . . . . . . . . . . . . . . . . Ally Attacks 147 | . . . 10 95 2 12 . 1 . . . . . . . . . . . . . 24 3 . . . . . Total Damage 2729 | . . . 142 837 21 451 . 16 . . . . . . . . . . . . . 1051 211 . . . . . Kills 27 | . . . 2 13 1 3 . 1 . . . . . . . . . . . . . 5 2 . . . . . Allies Corrupted . | . . . . . . . . . . . . . . . . . . . . . . . . . . . . . Allies Melted 2 | . . . . . . . . . . . . . . . . . . . . . . 1 . . 1 . . . Intel | -11 -10 -10 -9 -9 -9 -9 -7 -7 -6 -6 -6 -6 -5 -5 -5 -5 -5 -4 -4 -4 -4 -4 -3 -3 -2 -2 -1 -1 ------- Run | Yrd Mat Min Mat Sto Gar Rec Fac DSF Fac Low Low Dat Pro Fac Upp Upp Zhi Pro Fac Upp Upp War Pro Res Res Qua Acc Com Active Infowar (turns) 19726 | . . 1 . . . . . . 1480 1149 781 121 1335 1201 797 765 322 1876 1082 783 1227 1087 638 1158 1632 997 644 650 Sensors 18615 | . . 1 . . . . . . 1336 1149 781 121 1335 1195 776 765 322 1876 1081 783 1225 1087 561 1087 1597 895 633 9 Terrain 8382 | . . . . . . . . . 1141 . . . . 902 776 . . 261 921 770 1221 991 432 598 . . 359 10 Traps 2658 | . . . . . . . . . . . . . . . . . . . . . . . . 848 . 546 614 650 Cloaking 6946 | . . . . . . . . . . . . . . . . . . . 158 763 1212 4 287 1146 1632 977 589 178 ECM 21 | . . . . . . . . . . . . . . . 21 . . . . . . . . . . . . . Robot Analysis Total 7 | . 1 . 1 1 . . . . . . . . . . . . 4 . . . . . . . . . . . Derelict Logs Recovered 15 | . . 3 . . . . . . . . 3 . 3 . . . . 1 . 2 3 . . . . . . . Drone Launches 14 | . . . . 14 . . . . . . . . . . . . . . . . . . . . . . . . Drone Recoveries 2 | . . . . 2 . . . . . . . . . . . . . . . . . . . . . . . . Exploration | -11 -10 -10 -9 -9 -9 -9 -7 -7 -6 -6 -6 -6 -5 -5 -5 -5 -5 -4 -4 -4 -4 -4 -3 -3 -2 -2 -1 -1 ------------- Run | Yrd Mat Min Mat Sto Gar Rec Fac DSF Fac Low Low Dat Pro Fac Upp Upp Zhi Pro Fac Upp Upp War Pro Res Res Qua Acc Com Turns Passed 30335 | 60 772 709 1026 1385 1418 628 8 560 1751 1280 873 131 1451 1391 900 904 715 2025 1098 787 1417 1720 773 1158 1632 997 644 2122 Spaces Moved 15136 | 36 371 356 387 489 582 295 5 217 730 727 491 81 860 547 507 354 272 596 340 400 633 714 551 787 1155 756 438 1459 Core 132 | 6 . . . . . . . . . . . . . . . . . . . . . . . . . . . 126 Treads 7849 | 30 151 . 350 489 582 295 5 217 730 727 491 81 860 547 507 354 272 596 102 . 21 433 . . . . . 9 Legs 7057 | . 220 356 37 . . . . . . . . . . . . . . . 238 400 612 280 551 787 1155 756 438 1227 Wheels . | . . . . . . . . . . . . . . . . . . . . . . . . . . . . . Hover 1 | . . . . . . . . . . . . . . . . . . . . . . 1 . . . . . . Flight 97 | . . . . . . . . . . . . . . . . . . . . . . . . . . . . 97 Fastest Speed 40 | 50 120 190 160 200 200 200 200 160 161 161 161 161 161 160 160 160 240 240 186 186 182 106 106 106 106 106 109 40 Average Speed 163 | 141 172 190 188 200 200 200 200 162 162 161 161 161 161 164 160 226 240 284 266 186 184 208 106 109 128 107 109 104 Slowest Speed 406 | 160 260 190 240 200 200 200 200 163 163 162 161 161 162 242 160 240 240 400 400 186 270 406 179 181 180 176 111 270 Overloaded Moves 1 | . . . . . . . . . . . . . . . . . . . . . . 1 . . . . . . Propulsion Burnouts . | . . . . . . . . . . . . . . . . . . . . . . . . . . . . . Robots Hopped 2 | . . . . . . . . . . . . . . . . . . . . . . . . . . . . 2 Potential Cave-ins 3 | . . . . . . . . . 3 . . . . . . . . . . . . . . . . . . . Cave-ins Triggered . | . . . . . . . . . . . . . . . . . . . . . . . . . . . . . Exploration Rate (%) 54 | 4 67 77 36 82 69 60 . 96 20 68 62 69 92 13 60 59 62 73 9 54 63 77 64 24 43 53 10 53 Regions Visited 28 Branch Regions 17 Pre-discovered Areas 9 | . . 2 . . . . . . . 1 1 1 . . . . 3 . . . 1 . . . . . . . Known Exits Taken 22 | . . . 1 1 . . 1 . 1 1 1 1 1 1 1 1 1 1 1 1 1 1 1 1 1 1 1 . Unknown Exits Taken 4 | 1 1 1 . . . 1 . . . . . . . . . . . . . . . . . . . . . . Scrap Searched 19 | . . 1 . . . . . . . 2 2 . 2 . 2 3 . 4 . 2 1 . . . . . . . Spaces Dug 178 | . . . . . . . . . 29 10 5 . . 32 15 . . 1 16 . . . 2 28 4 11 8 17 Terrain Destroyed 682 | . . . . . 4 . . . 36 34 48 . 57 43 15 82 . 41 16 . 11 18 94 38 8 21 81 35 Melee . | . . . . . . . . . . . . . . . . . . . . . . . . . . . . . Projectile 278 | . . . . . . . . . 36 13 11 . 1 38 15 1 . 1 16 . 11 10 11 38 8 21 17 30 AOE 404 | . . . . . 4 . . . . 21 37 . 56 5 . 81 . 40 . . . 8 83 . . . 64 5 Terrain Rammed . | . . . . . . . . . . . . . . . . . . . . . . . . . . . . . Walls Destroyed . | . . . . . . . . . . . . . . . . . . . . . . . . . . . . . Machines Disabled . | . . . . . . . . . . . . . . . . . . . . . . . . . . . . . Actions | -11 -10 -10 -9 -9 -9 -9 -7 -7 -6 -6 -6 -6 -5 -5 -5 -5 -5 -4 -4 -4 -4 -4 -3 -3 -2 -2 -1 -1 --------- Run | Yrd Mat Min Mat Sto Gar Rec Fac DSF Fac Low Low Dat Pro Fac Upp Upp Zhi Pro Fac Upp Upp War Pro Res Res Qua Acc Com Total 18968 | 42 429 391 580 767 732 320 4 363 1157 792 534 81 893 952 558 413 334 877 497 433 810 910 654 969 1296 883 522 1775 Wait 1812 | . 5 30 96 126 58 4 . 43 276 23 11 . 1 273 10 17 45 238 93 1 117 49 30 79 48 59 11 69 Move 15104 | 35 370 355 386 489 580 294 4 216 729 726 490 80 859 546 506 353 271 595 339 399 632 713 550 786 1154 755 437 1455 Hop 1 | . . . . . . . . . . . . . . . . . . . . . . . . . . . . 1 Pick Up 213 | 1 8 1 13 19 5 6 . 16 10 2 3 . 2 18 2 2 4 1 7 5 6 19 2 9 22 6 5 19 Fast Attach 128 | 6 8 1 4 8 . . . 3 12 1 . . . 6 . 2 4 . 6 1 2 20 2 2 6 9 . 25 Attach 108 | . . . 2 2 5 . . 5 2 2 1 . 1 5 3 . 1 1 2 2 4 11 3 7 5 4 7 33 Detach 22 | . 1 1 . 1 . . . . 1 . . . . 1 . . . . . 1 1 9 . 1 2 . 1 2 Swap 328 | . 1 . 16 7 12 1 . 15 31 12 9 1 17 29 9 11 3 17 9 8 15 12 22 21 16 10 16 8 Drop 265 | . 1 3 12 30 5 5 . 25 16 2 . . 1 18 . 1 5 . 9 5 3 35 3 5 31 11 6 33 Fire 934 | . 35 . 51 75 55 10 . 40 80 24 20 . 12 56 28 27 . 25 32 9 30 19 39 59 12 29 39 128 Melee . | . . . . . . . . . . . . . . . . . . . . . . . . . . . . . Ram . | . . . . . . . . . . . . . . . . . . . . . . . . . . . . . Kick . | . . . . . . . . . . . . . . . . . . . . . . . . . . . . . Crush . | . . . . . . . . . . . . . . . . . . . . . . . . . . . . . Escape Stasis 21 | . . . . 4 12 . . . . . . . . . . . . . . . . . 3 . . . . 2 Rewire 26 | . . . . . . . . . . . . . . . . . 1 . . 2 . 23 . . . . . . Trap . | . . . . . . . . . . . . . . . . . . . . . . . . . . . . . Miscellaneous 6 | . . . . 6 . . . . . . . . . . . . . . . . . . . . . . . . Route ------- -11/Scrapyard -10/Materials (discovered 4 exits: *Mat x3 / [*Min]) -10/Mines -9/Materials (discovered 4 exits: *Mat x2 / Min / *Sto) -9/Storage (discovered 2 exits: *Mat / Gar) -9/Garrison (discovered 3 exits: *Rec x3) -9/Recycling -7/Factory -7/DSF -6/Factory (discovered 2 exits: *Low x2) -6/Lower Caves -6/Lower Caves (discovered 2 exits: *Fac / *Dat) -6/Data Miner -5/Proximity Caves -5/Factory (discovered 3 exits: *Fac / *Upp x2) -5/Upper Caves -5/Upper Caves -5/Zhirov -4/Proximity Caves -4/Factory -4/Upper Caves -4/Upper Caves (discovered 2 exits: *Res / *War) -4/Warlord -3/Proximity Caves -3/Research (discovered 2 exits: *Res x2) -2/Research -2/Quarantine -1/Access -1/Command To Epsilon Eridani History --------- Turn | Location | Event 6 | -11/Scrapyard | Discovered new exit (range 15) 61 | -11/Scrapyard | Entered Materials 173 | -10/Materials | Central database locked down 289 | -10/Materials | Discovered new exit (range 4) 305 | -10/Materials | Build established: Mutant 613 | -10/Materials | Discovered new exit (range 4) 713 | -10/Materials | Discovered new exit (range 10) 723 | -10/Materials | Discovered new exit (range 16) 833 | -10/Materials | Entered Mines 1193 | -10/Mines | Discovered new exit (range 13) 1237 | -10/Mines | Learned Materials emergency access door positions 1244 | -10/Mines | Found a damaged Exp. Sensor Array with a note attached 1249 | -10/Mines | Found Prototype Device 1249 | -10/Mines | Identified Exp. Sensor Array 1314 | -10/Mines | Learned location of 2 exits from Materials 1333 | -10/Mines | Learned location of Storage (-9) 1378 | -10/Mines | Assembled infested the area 1542 | -10/Mines | Entered Materials 1542 | -9/Materials | Accompanied by 2 allies 1542 | -9/Materials | Evolved 2 slots: Propulsion x2 1543 | -9/Materials | Identified exit to Materials 1543 | -9/Materials | Identified exit to Mines 1547 | -9/Materials | Led the pair of lost Derelicts to an unsafe place 1981 | -9/Materials | Build established: Scavenger-Mutant 2411 | -9/Materials | Discovered new exit (range 8) 2425 | -9/Materials | Identified exit to Storage 2447 | -9/Materials | Discovered exit to Materials (range 16) 2568 | -9/Materials | Entered Storage 3012 | -9/Storage | Lost 10 allies 3199 | -9/Storage | Assisted by bots powering up and referring to "LRC-V3" 3492 | -9/Storage | Build established: Commander-Mutant 3673 | -9/Storage | Garrison activated, responded to threat 3882 | -9/Storage | Lost 3 allies 3953 | -9/Storage | Identified exit to Garrison 3953 | -9/Storage | Entered Garrison 3967 | -9/Garrison | Triggered checkpoint 4080 | -9/Garrison | Build established: Scavenger-Mutant 4103 | -9/Garrison | Triggered checkpoint 4111 | -9/Garrison | Core integrity fell below 50% 4144 | -9/Garrison | Destroyed 7 combat bots 4226 | -9/Garrison | Discovered new exit (range 12) 4236 | -9/Garrison | Discovered new exit (range 16) 4236 | -9/Garrison | Discovered new exit (range 44) 4236 | -9/Garrison | Discovered new exit (range 57) 4367 | -9/Garrison | Triggered checkpoint 4635 | -9/Garrison | Triggered checkpoint 4695 | -9/Garrison | Lost 3 parts (1p1n1w) 4747 | -9/Garrison | Triggered checkpoint 4812 | -9/Garrison | Rescued a captive Derelict 4814 | -9/Garrison | Rescued a captive Derelict 5035 | -9/Garrison | Garrison Relay disabled 5079 | -9/Garrison | Garrison Relay disabled 5221 | -9/Garrison | Attempted to access garrison exit controls, blocked by remote lockdown 5371 | -9/Garrison | Entered Recycling 5371 | -9/Recycling | Accompanied by 2 allies 5945 | -9/Recycling | Discovered new exit (range 16) 5999 | -9/Recycling | Entered Factory 5999 | -7/Factory | Accompanied by 1 ally 5999 | -7/Factory | Evolved 4 slots: Propulsion x2, Utility x2 6005 | -7/Factory | Identified exit to DSF 6007 | -7/Factory | Entered DSF 6007 | -7/DSF | Accompanied by 1 ally 6051 | -7/DSF | Additional patrols routed to DSF 6447 | -7/DSF | Sterilization system engaged 6467 | -7/DSF | Ambient heat levels rising (+10) 6467 | -7/DSF | Discovered new exit (range 15) 6482 | -7/DSF | Ambient heat levels rising (+10) 6497 | -7/DSF | Ambient heat levels rising (+10) 6512 | -7/DSF | Ambient heat levels rising (+10) 6527 | -7/DSF | Ambient heat levels rising (+10) 6542 | -7/DSF | Ambient heat levels rising (+10) 6557 | -7/DSF | Ambient heat levels rising (+10) 6567 | -7/DSF | Entered Factory 6567 | -6/Factory | Evolved 2 slots: Power x1, Utility x1 7048 | -6/Factory | Build established: Skirmisher 7696 | -6/Factory | Identified exit to Lower Caves 8188 | -6/Factory | Repaired Med. Treads 8228 | -6/Factory | Repaired Arm. Treads 8273 | -6/Factory | Repaired Med. Treads 8318 | -6/Factory | Entered Lower Caves 8324 | -6/Lower Caves | Met a Warlord Commander 8325 | -6/Lower Caves | Learned location of Warlord (-4) 8326 | -6/Lower Caves | Warlord Commander delivered Encrypted Comm Array 8332 | -6/Lower Caves | Found Encrypted Comm Array 8446 | -6/Lower Caves | Build established: Mutant 8476 | -6/Lower Caves | Attracted the attention of an 0b10 outpost 8946 | -6/Lower Caves | Spotted B-75 Beast 9214 | -6/Lower Caves | Destroyed B-75 Beast 9556 | -6/Lower Caves | Discovered new exit (range 10) 9567 | -6/Lower Caves | Identified exit to Lower Caves 9598 | -6/Lower Caves | Entered another Lower Caves area 9683 | -6/Lower Caves | Attracted the attention of an 0b10 checkpoint 9861 | -6/Lower Caves | Discovered new exit (range 6) 9869 | -6/Lower Caves | Identified exit to Factory 9983 | -6/Lower Caves | Entered an active Warlord outpost 9991 | -6/Lower Caves | Learned Factory emergency access door positions 10015 | -6/Lower Caves | Learned Extension emergency access door positions 10015 | -6/Lower Caves | Learned Armory terminal intel 10015 | -6/Lower Caves | Learned Extension garrison access intel 10157 | -6/Lower Caves | Learned Factory trap positions 10251 | -6/Lower Caves | Learned location of Extension (-4) 10416 | -6/Lower Caves | Discovered new exit (range 15) 10468 | -6/Lower Caves | Identified exit to Data Miner 10471 | -6/Lower Caves | Entered Data Miner 10471 | -6/Data Miner | Discovered new exit (range 6) 10502 | -6/Data Miner | Met Data Miner 10533 | -6/Data Miner | Learned location of Section 7 (-2) 10533 | -6/Data Miner | Acquired the access code to Warlord's prototype stash 10563 | -6/Data Miner | Received God Mode back door access code from Data Miner 10600 | -6/Data Miner | Identified exit to Proximity Caves 10602 | -6/Data Miner | Entered Proximity Caves 10769 | -5/Proximity Caves | Learned 4 Factory zone layouts 11123 | -5/Proximity Caves | Learned Factory stockpile data 11721 | -5/Proximity Caves | Spotted B-75 Beast 11739 | -5/Proximity Caves | Destroyed B-75 Beast 11823 | -5/Proximity Caves | Attracted the attention of an 0b10 checkpoint 12053 | -5/Proximity Caves | Entered Factory 12053 | -5/Factory | Evolved 2 slots: Utility x1, Weapon x1 12055 | -5/Factory | Loaded intel: 77 trap records 12119 | -5/Factory | Repaired Missile Launcher 12346 | -5/Factory | Build established: Skirmisher 12717 | -5/Factory | Build established: Scavenger-Skirmisher 12744 | -5/Factory | Identified exit to Upper Caves 13162 | -5/Factory | Cargo convoy interrupted 13410 | -5/Factory | Discovered new exit (range 15) 13444 | -5/Factory | Entered Upper Caves 13458 | -5/Upper Caves | Lost 5 parts (2p2n1w) 13859 | -5/Upper Caves | Discovered new exit (range 7) 13870 | -5/Upper Caves | Identified exit to Upper Caves 14344 | -5/Upper Caves | Entered another Upper Caves area 14459 | -5/Upper Caves | Attracted the attention of an 0b10 checkpoint 14514 | -5/Upper Caves | Build established: Scavenger-Tank 14590 | -5/Upper Caves | Encountered a Warlord checkpoint 14818 | -5/Upper Caves | Build established: Scavenger-Skirmisher 15232 | -5/Upper Caves | Discovered new exit (range 4) 15239 | -5/Upper Caves | Identified exit to Zhirov 15248 | -5/Upper Caves | Entered Zhirov 15248 | -5/Zhirov | Discovered new exit (range 3) 15292 | -5/Zhirov | Met Zhirov 15344 | -5/Zhirov | Learned location of Quarantine (-2) 15344 | -5/Zhirov | Learned location of Testing (-3) 15344 | -5/Zhirov | Learned location of Command (-1) 15388 | -5/Zhirov | Zhirov requested help retrieving the SGEMP Prototype 15427 | -5/Zhirov | Found Alien Artifact 15427 | -5/Zhirov | Identified Integrated Reactor 15427 | -5/Zhirov | Installed Integrated Reactor, increased core energy generation (+10) 15470 | -5/Zhirov | Found Alien Artifact 15741 | -5/Zhirov | Identified exit to Proximity Caves 15872 | -5/Zhirov | Build established: Scavenger-Tank 15963 | -5/Zhirov | Entered Proximity Caves 15965 | -4/Proximity Caves | Attracted the attention of an 0b10 checkpoint 16572 | -4/Proximity Caves | Build established: Scavenger-Skirmisher 17150 | -4/Proximity Caves | Lost 3 parts (2n1w) 17434 | -4/Proximity Caves | Build established: Skirmisher 17753 | -4/Proximity Caves | Discovered new exit (range 12) 17785 | -4/Proximity Caves | Identified exit to Factory 17797 | -4/Proximity Caves | Learned location of 1 exit from Research 17877 | -4/Proximity Caves | Acquired the password to a Derelict Tinkerer's latest research 17988 | -4/Proximity Caves | Entered Factory 17988 | -4/Factory | Evolved 2 slots: Propulsion x1, Utility x1 18300 | -4/Factory | Discovered new exit (range 4) 18316 | -4/Factory | Identified exit to Upper Caves 19086 | -4/Factory | Entered Upper Caves 19461 | -4/Upper Caves | Found Alien Artifact 19621 | -4/Upper Caves | Identified Dimensional Node Initializer 19621 | -4/Upper Caves | Initialized slip node 19785 | -4/Upper Caves | Learned 4 Research zone layouts 19850 | -4/Upper Caves | Discovered new exit (range 10) 19865 | -4/Upper Caves | Identified exit to Upper Caves 19873 | -4/Upper Caves | Entered another Upper Caves area 19875 | -4/Upper Caves | Attracted the attention of an 0b10 checkpoint 19937 | -4/Upper Caves | Lost 3 parts (1n2w) 19967 | -4/Upper Caves | Discovered new exit (range 4) 19970 | -4/Upper Caves | Identified exit to Research 20014 | -4/Upper Caves | Learned Extension garrison access intel 20094 | -4/Upper Caves | Learned location of 1 exit from Proximity Caves 20223 | -4/Upper Caves | Learned location of 1 exit from Research 21220 | -4/Upper Caves | Discovered new exit (range 14) 21234 | -4/Upper Caves | Lost 4 parts (3n1u) 21287 | -4/Upper Caves | Identified exit to Warlord 21290 | -4/Upper Caves | Entered Warlord 21385 | -4/Warlord | System corruption cleaned by Quarantine Array 21931 | -4/Warlord | Opened Warlord's prototype stash 21946 | -4/Warlord | Found Prototype Device 21946 | -4/Warlord | Identified Thermal Barrier 21976 | -4/Warlord | Found Prototype Device 21976 | -4/Warlord | Identified Exp. Cloaking Device 21987 | -4/Warlord | Found Prototype Reactor 21987 | -4/Warlord | Identified Vortex Chain Reactor 22087 | -4/Warlord | Met Warlord 22112 | -4/Warlord | Warlord's base attacked by MAIN.C 22366 | -4/Warlord | Found Prototype Energy Gun 22366 | -4/Warlord | Identified Vortex Shotgun 22379 | -4/Warlord | Found Prototype Energy Gun 22379 | -4/Warlord | Identified Vortex Rifle 22386 | -4/Warlord | Found Prototype Launcher 22386 | -4/Warlord | Identified Vortex Catalyst Activator 22399 | -4/Warlord | Found Vortex Shotgun 22462 | -4/Warlord | Warlord forces counterattacked 22496 | -4/Warlord | Spotted Striker 22536 | -4/Warlord | Lost 9 allies 22589 | -4/Warlord | Lost 3 allies 22631 | -4/Warlord | Spotted Executioner 22697 | -4/Warlord | Lost 12 allies 22755 | -4/Warlord | Destroyed Executioner 22787 | -4/Warlord | Warlord base infiltrated, sounded retreat 22819 | -4/Warlord | Build established: Scavenger-Tank 22929 | -4/Warlord | Spotted Striker 22930 | -4/Warlord | Spotted Striker 22931 | -4/Warlord | Spotted Executioner 22941 | -4/Warlord | Allies destroyed Striker 22975 | -4/Warlord | Lost 7 allies 22989 | -4/Warlord | Discovered new exit (range 14) 23001 | -4/Warlord | Identified exit to Proximity Caves 23010 | -4/Warlord | Entered Proximity Caves 23010 | -3/Proximity Caves | Accompanied by 2 allies 23534 | -3/Proximity Caves | Spotted B-86 Titan 23783 | -3/Proximity Caves | Entered Research 23783 | -3/Research | Evolved 2 slots: Utility x1, Weapon x1 23784 | -3/Research | Identified exit to Research 24083 | -3/Research | Build established: Scavenger-Skirmisher 24120 | -3/Research | Watched by a mysterious "MATRIX" hacker 24143 | -3/Research | Found Quantum Capacitor 24604 | -3/Research | Found Fusion Bomb Launcher 24941 | -3/Research | Entered another Research area 24941 | -2/Research | Warlord forces began assault on 0b10 24941 | -2/Research | Evolved 2 slots: Power x1, Utility x1 24942 | -2/Research | Identified exit to Quarantine 24966 | -2/Research | Distinguished unit "Death Star" dispatched to help 24966 | -2/Research | Distinguished unit "Department No. 42" dispatched to help 25051 | -2/Research | Research machine network offline 25128 | -2/Research | Lost 3 allies 25418 | -2/Research | Borebot progress halted 25651 | -2/Research | Borebot progress halted 25827 | -2/Research | Met up with Warlord 26120 | -2/Research | Spotted Striker 26121 | -2/Research | Spotted Executioner 26153 | -2/Research | Lost 4 allies 26446 | -2/Research | Given Cave Seal Controls access code 26573 | -2/Research | Entered Quarantine 26622 | -2/Quarantine | Garrison activated, responded to threat 26665 | -2/Quarantine | Found Alien Artifact 26957 | -2/Quarantine | Found Alien Artifact 26957 | -2/Quarantine | Identified Phase Redirector 27047 | -2/Quarantine | Lost 3 parts (3u) 27510 | -2/Quarantine | Discovered new exit (range 13) 27522 | -2/Quarantine | Identified exit to Access 27570 | -2/Quarantine | Entered Access 27570 | -1/Access | Evolved 2 slots: Propulsion x1, Utility x1 27679 | -1/Access | Lost 3 allies 27822 | -1/Access | Destroyed 11 combat bots 28205 | -1/Access | Discovered new exit (range 7) 28213 | -1/Access | Identified exit to Command 28214 | -1/Access | Entered Command 28311 | -1/Command | Disengaged cave seal 28313 | -1/Command | Welcomed Warlord to Command 28423 | -1/Command | Lost 15 allies 28500 | -1/Command | Build established: Scavenger-Tank 28602 | -1/Command | Lost 3 allies 28680 | -1/Command | Lost 3 allies 28845 | -1/Command | Spotted Executioner 28845 | -1/Command | Spotted Executioner 28845 | -1/Command | Spotted Executioner 28845 | -1/Command | Spotted Executioner 28845 | -1/Command | Spotted Striker 28845 | -1/Command | Spotted Striker 28845 | -1/Command | Spotted Alpha 7 28845 | -1/Command | Spotted Alpha 7 28846 | -1/Command | Spotted B-99 Colossus 28849 | -1/Command | Spotted B-99 Colossus 28864 | -1/Command | Destroyed Striker 28868 | -1/Command | Destroyed Alpha 7 28871 | -1/Command | Destroyed Executioner 28887 | -1/Command | Lost 5 allies 28936 | -1/Command | Discovered new exit (range 16) 28948 | -1/Command | Lost 18 parts (1p5n6u6w) 28965 | -1/Command | Found Prototype Ballistic Gun 28965 | -1/Command | Identified Multirail 29356 | -1/Command | Spotted B-99 Colossus 29588 | -1/Command | Disengaged cave seal 29588 | -1/Command | Derelicts emerged from the dark tunnel 29872 | -1/Command | Spotted Combat Programmer 29873 | -1/Command | Spotted M Guard 29873 | -1/Command | Spotted Combat Programmer 29874 | -1/Command | Spotted M Guard 29887 | -1/Command | Warlord commented on Warlord statues 29897 | -1/Command | Destroyed Combat Programmer 29920 | -1/Command | Lost 5 allies 29937 | -1/Command | All MAIN.C guards destroyed 29986 | -1/Command | Met MAIN.C 29989 | -1/Command | 0b10 Conduit disabled 30012 | -1/Command | System corruption reached 10% 30051 | -1/Command | Identified Subatomic Replicator 30051 | -1/Command | Used Subatomic Replicator to replicate Enh. Quantum Rifle 30116 | -1/Command | System corruption reached 30% 30130 | -1/Command | Core integrity fell below 50% 30202 | -1/Command | Released all parts (4) 30232 | -1/Command | Lost 29 parts (5p10n5u9w) 30336 | *** | Escaped! Last Messages --------------- 30264_ Acquired 22 matter. 30266_ System corrupted: Component data lost. 30267_ Acquired 50 matter. 30282_ Acquired Field Propulsion Array. 30284_ SRM4 C6IYHJR%,KIR0R4WAKXKOKY=G 30300_ System corrupted: Matter fused (-5). 30304_ Acquired 15 matter. 30319_ System corrupted: IFF burst signal emitted. 30322_ Triggered Stasis Trap. 30322_ A bubble of rippling energy engulfs the area. 30322_ Field strength at 85. 30322_ Integrated Corrupted Spk. Medium Treads (+6). 30323_ Field strength at 55. 30324_ Field strength at 25. 30325_ Stasis field depleted. 30330_ Acquired 10 matter. 30334_ |QM=U0|/=E8W9JR,NGLZYIUSKET Map ----- +----------------------------------------------------+ | ?????????????????????????????????????????????????? | | ?????????????????????????????????????????????????? | | ?????????????????????????????????????????????????? | | ?????????????????????????????????????????????????? | | ?????????????????????????????????????????????????? | | ?????????????????????????????????????????????????? | | ?????????????????????????????????????????????????? | | ?????????????????????????????????????????????????? | | ???????????????????????????????????????????###??## | | ???????????????????????????????????????????# ? | | ???????????????????????????????????????????# | | ???????????????????????????????????????????# "" | | ???????????????????????????????????????????# "" | | ???????????????????????????????????????????# Y" | | ???????????????????????????????????????????# "" | | ???????????????????????????????????????????# "" ] | | ???????????????????????????????????????????# | | ???????????????????????????????????????????#! | | ???????????????????##############??????????# | | ???????????????????# ##########?# | | ???????????????????# #;;;; "### | | ???????????????????# ^ ^ ^ ; """" | | ???????????????????# ^ ^ """"%"" | | ???????????????????# ^ ^^ | | ???????????????????# "" ^ ^% | | ???????????????????# @" " % %% | | ???????????????????# %^ ^^^ " | | ???????????????????# ^ ^^^ """#"% | | ???????????????????# ^^ ^ ^ # ### | | ???????????????????# # ####?# | | ???????????????????# ##########????# | | ???????????????????####### ######?????????????# | | ?????????????????????????###??????????????????# | | ??????????????????????????????????????????????#+## | | ????????????????????????????????????????????? | | ????????????????????????????????????????????# | | ????????????????????????????????????????????# !! | | ????????????????????????????????????????????# ! | | ????????????????????????????????????????????###### | | ?????????????????????????????????????????????????? | | ???????????#########?????????????????????????????? | | ????????? ?????????????????????????????? | | ???????? ?????????????????????????????? | | ???????? ?????????????????????????????? | | ??????? ?????????????????????????????? | | ??????? #????????????????????????????? | | ?????? = === #????????????????????????????? | | ?????? ==! ??????????????????????????### | | ?????? ==! ?????????????????????????? | | ???????? #??????????????????????????# | +----------------------------------------------------+ Best States ------------- Heat Dissipation 280 Energy Generation 75 Energy Capacity 870 Matter Stores 300 Matter Capacity 300 Sight Range 16 Robot Scan Range 20 Terrain Scan Range 24 Terrain Scan Density 135 ECM Strength 2 Cloak Strength 4 Additional Mass Support 20 Base Temperature (-) 200 Armor Coverage 450 Resistance: KI 30 Resistance: TH 50 Utility Shielding 66 Point Defense Rating 240 Weapon Cycling 15 Phase Shifting 10 Evasion (%) 82 Recoil Reduction 8 Particle Charging 25 Offensive Hacking 10 Defensive Hacking 14 Item Schematics ----------------- Combat Drone Bay | -6/Data Miner | Free Lgt. Regenerative Plating | -6/Data Miner | Free Cld. Gravmag System | -6/Data Miner | Free Imp. Energy Well | -6/Data Miner | Free Hvy. Gatling Laser | -6/Data Miner | Free Adv. Medium Treads | -6/Data Miner | Free Adv. Trap Scanner | -6/Data Miner | Free Hardcell Cannon | -6/Data Miner | Free Adv. Power Amplifier | -6/Data Miner | Free Imp. Heavy Siege Treads | -6/Data Miner | Free Assault Drone Bay | -5/Zhirov | Free Exp. Heat Sink | -5/Zhirov | Free Exp. Optical Array | -5/Zhirov | Free Imp. Arc Thrower | -5/Zhirov | Free Kinetic Spear | -2/Quarantine | Archive Adv. Remote Shield | -2/Quarantine | Archive Cld. Plasma Rifle | -2/Quarantine | Archive Imp. Matter Compressor | -2/Quarantine | Archive Exp. Cooling System | -2/Quarantine | Archive Robot Schematics ------------------ S-27 Virus | -6/Data Miner | Free L-41 Fighter | -6/Data Miner | Free P-60 Hacker | -6/Data Miner | Free E-15 Imp | -6/Data Miner | Free L-61 Swordsman | -6/Data Miner | Free R-10 Processor | -6/Data Miner | Free G-67 Veteran | -6/Data Miner | Free O-32 Director | -6/Data Miner | Free C-57 Dissector | -2/Quarantine | Archive Fabricated ------------ Nothing Repaired ---------- Med. Treads | 16% | -6/Factory Arm. Treads | 11% | -6/Factory Med. Treads | 29% | -6/Factory Missile Launcher | 37% | -5/Factory Studied --------- Med. Laser | -9/Materials | Hacked Particle Gun | -9/Materials | Hacked Beam Rifle | -9/Materials | Hacked Lgt. Treads | -9/Materials | Hacked Myomer Leg | -4/Factory | Hacked Shield Leg | -4/Factory | Hacked Alien Tech Used ----------------- Integrated Reactor Dimensional Node Initializer Phase Redirector Subatomic Replicator Achievements -------------- Dramatic Entrance No Explosion For You Reappropriation Challenges ------------ None Game ------ Seed MetaSkeletonTendrils Manual? 0 Play Time 05:14:44 Cumulative 182.3 hours Start 2026.08.06 @ 00:23:17 End 2026.08.06 @ 05:55:46 Sessions 1 Manual Loads 0 Difficulty Rogue Special Mode None Game No. 194 Rogue 140 Adventurer 54 Explorer 0 Win Type 0 Total 9 Types 5/0/1/1/0/0/0/1/0/1 Lore% 67 Gallery% 59 Achievement% 56 Wizard Run 0 Options --------- Layout 1 ASCII 0 Keyboard 0 Movement Mouse Keybinds 1 Fullscreen 2 Font 32/Tamsyn Map View 50x35 Zoom Use 0% Tactical HUD 1 Map Filters NONE Filters NONE Steam 1 RUN: bfd865e5-1605-4b8f-9b2d-daadb6b7e5c4